 Dungeon Crawl Stone Soup version 0.16-a0-2970-ge3807df (webtiles) character file.

3347 Chiseanne the Covert (level 10, -3/65 (68) HPs)
             Began as an Octopode Wanderer on Dec 5, 2014.
             Was a Priest of Dithmenos.
             Slain by an eight-headed hydra (14 damage)
             ... on level 9 of the Dungeon.
             The game lasted 00:37:47 (10376 turns).

Chiseanne the Covert (Octopode Wanderer)           Turns: 10376, Time: 00:37:47

HP:   -3/65 (68)    AC:  2    Str: 13    XL:     10   Next: 2%
MP:   25/25         EV: 18    Int: 16    God:    Dithmenos [***...]
Gold: 274           SH:  0    Dex: 17    Spells: 4 memorised, 8 levels left

rFire  . . .     SeeInvis +     s - +7 short sword of Theory {venom, *Rage rN+ Int+3 Stlth++}
rCold  . . .     Rnd*Rage +     (no shield)
rNeg   + . .     SustAb   .     (helmet restricted)
rPois  .         Gourm    .     (no amulet)
rElec  .         Spirit   .     k - ring of flight
rCorr  .         Warding  .     u - +1 ring of dexterity
rMut   .         Stasis   .     t - +1 ring of dexterity
MR     +....                    S - +1 ring of protection
Stlth  ++++++++++               C - ring of see invisible
                                c - ring of magical power
                                Q - ring of protection from magic
                                (no ring)

@: about to teleport, wreathed by umbra, somewhat resistant to hostile
enchantments, uncannily stealthy
A: almost no armour, amphibious, 8 rings, constrict 8, camouflage 1, gelatinous
body 1
a: Shadow Step, Renounce Religion, Evoke Flight


You were on level 9 of the Dungeon.
You worshipped Dithmenos.
Dithmenos was most pleased with you.
You were near starving.

You visited 2 branches of the dungeon, and saw 10 of its levels.
You also visited: Sewer.

You collected 666 gold pieces.
You spent 392 gold pieces at shops.

Inventory:

Hand weapons
 a - a +5 dagger of protection
 d - a +0 dagger of holy wrath
 s - the +7 short sword of Theory (weapon) {venom, *Rage rN+ Int+3 Stlth++}
   (You found it on level 8 of the Dungeon)

   It poisons the flesh of those it strikes.
   It affects your intelligence (+3).
   It protects you from negative energy.
   It may make you go berserk in combat.
   It makes you much more stealthy.
 w - a +0 blowgun
 B - a +4 dagger
Missiles
 h - 35 poisoned needles
 O - 4 poisoned tomahawks (quivered)
Armour
 e - a +1 shield
Jewellery
 b - an uncursed ring of ice
 c - a ring of magical power (on tentacle)
 k - a ring of flight (left tentacle)
 t - a +1 ring of dexterity (on tentacle)
 u - a +1 ring of dexterity (right tentacle)
 y - an uncursed ring of ice
 C - a ring of see invisible (on tentacle)
 Q - a ring of protection from magic (on tentacle)
 S - a +1 ring of protection (on tentacle)
Magical devices
 G - a wand of draining (6)
 K - a wand of flame (35)
 L - a wand of cold (6)
Scrolls
 r - a scroll of fog
 A - 5 scrolls of remove curse
 E - 3 scrolls of amnesia
 M - a scroll of magic mapping
Potions
 g - 4 potions of haste
 j - 2 potions of cure mutation
 l - a potion of ambrosia
 m - 4 potions of flight
 n - a potion of mutation
 q - a potion of heal wounds
 F - a potion of lignification
 N - a potion of agility {unknown}
 P - a potion of brilliance
Books
 o - a book of Annihilations {highlevel}

   This book is beyond your current level of understanding.

   Spells                             Type                      Level
   a - Poison Arrow                   Conjuration/Poison           6
   b - Chain Lightning                Conjuration/Air              8
   c - Lehudib's Crystal Spear        Conjuration/Earth            8
   d - Glaciate                       Conjuration/Ice              9
   e - Fire Storm                     Conjuration/Fire             9
 v - a book of Transfigurations

   Spells                             Type                      Level
   a - Stoneskin                      Transmutation/Earth          2
   b - Irradiate                      Conjuration/Transmutation    5
   c - Statue Form                    Transmutation/Earth          6
   d - Hydra Form                     Transmutation                6
   e - Dragon Form                    Transmutation                7
 x - a Young Poisoner's Handbook

   Spells                             Type                      Level
   a - Sting                          Conjuration/Poison           1
   b - Cure Poison                    Poison                       2
   c - Mephitic Cloud                 Conjuration/Poison/Air       3
   d - Olgreb's Toxic Radiance        Poison                       4
   e - Venom Bolt                     Conjuration/Poison           5
 D - a book of Spatial Translocations

   Spells                             Type                      Level
   a - Apportation                    Translocation                1
   b - Blink                          Translocation                2
   c - Shroud of Golubria             Charms/Translocation         2
   d - Portal Projectile              Translocation                3
   e - Teleport Other                 Translocation                3
   f - Passage of Golubria            Translocation                4
 H - Kikubaaqudgha's Grimoire of Stolen Souls
   (You found it on level 6 of the Dungeon)

   Spells                             Type                      Level
   a - Animate Skeleton               Necromancy                   1
 I - Sif Muna's Volume of Confrontation
   (You found it on level 6 of the Dungeon)

   Spells                             Type                      Level
   a - Sting                          Conjuration/Poison           1
 J - Vehumet's Catalogue of Attacks
   (You found it on level 6 of the Dungeon)

   Spells                             Type                      Level
   a - Magic Dart                     Conjuration                  1
Comestibles
 f - 13 bread rations
 i - 3 meat rations
 p - 7 beef jerkies
 T - a slice of pizza


   Skills:
 - Level 5.8 Fighting
 * Level 2.2 Short Blades
   Level 1.0 Axes
   Level 2.0 Staves
 - Level 1.0 Throwing
 * Level 8.7 Dodging
 - Level 12.2 Stealth
 * Level 2.0 Spellcasting
 * Level 2.0 Conjurations


You had 8 spell levels left.
You knew the following spells:

 Your Spells              Type           Power        Failure   Level  Hunger
a - Sting                 Conj/Pois      #...         14%         1    #......
b - Magic Dart            Conj           #...         10%         1    #......
c - Apportation           Tloc           #.........   21%         1    #......
d - Blink                 Tloc           N/A          30%         2    ###....


Dungeon Overview and Level Annotations

Branches:
Dungeon (9/15)             Temple (1/1) D:4
   Lair: D:8-11         Orc: D:9-12

Altars:
Ashenzari
Cheibriados
Dithmenos
Elyvilon
Fedhas
Gozag
Kikubaaqudgha
Makhleb
Nemelex Xobeh
Okawaru
Qazlal
Ru
Sif Muna
Trog
Vehumet
Xom
Yredelemnul
Zin
The Shining One

Shops:
D:7 =

Annotations:
D:3 Chiseanne's ghost, average OpWn
D:9 runed door


Innate Abilities, Weirdness & Mutations

You cannot wear most types of armour.
You are amphibious.
You can wear up to eight rings at the same time.
You can use your tentacles to constrict many enemies at once.
Your skin changes colour to match your surroundings (Stealth).
Your rubbery body absorbs attacks (AC +1).


Message History

As you read the scroll labeled QOOHICHAKAE, it crumbles to dust.
You hear a loud clanging noise!
It was a scroll of noise.
You hear a roar!
You hear a shout!
Read which item? (? for menu, Esc to quit)
Okay, then.
You open the door.
An eight-headed hydra comes into view.
An orc wizard opens the door.
Read which item? (? for menu, Esc to quit)
As you read the scroll of teleportation, it crumbles to dust.
You feel strangely unstable. The eight-headed hydra bites you!
The eight-headed hydra bites you! x2
The eight-headed hydra completely misses you.
The eight-headed hydra misses you. The eight-headed hydra bites you!
The eight-headed hydra completely misses you.
The eight-headed hydra bites you!
* * * LOW HITPOINT WARNING * * *
The eight-headed hydra bites you!
You die...

.......# #.............
.......#############.............
.................................
.......................).....(...
...########..............#...####
#..# #...##########.#...# #..#
#...#).#..#..#.#...# #..#
#...#..D..o..#.#...# #..#
#...##@####+##.....####
#..########...#..# #.........
..............#..# #.........
..............##'# #........#
......#######.#..# #.######.#
..............#..# #.######..
..............#'########.........
.................................
####............####.............


You could see an eight-headed hydra and an orc wizard.

Vanquished Creatures
  A skeletal warrior (D:9)
  A troll (D:7)
  A steam dragon (D:9)
  2 orc warriors
  5 ogres
  A necrophage (D:5)
  A black bear (D:9)
  A phantom (D:7)
  An ice beast (D:6)
  A sky beast (D:5)
  3 giant frogs
  2 scorpions
  2 electric eels (D:8)
  A crimson imp (D:8)
  2 goliath beetles
  5 hounds
  2 jellies
  A giant frog zombie (D:9)
  An orc priest (D:7)
  A quasit (D:6)
  8 orc wizards
  2 iguanas
  7 worker ants
  A worker ant zombie (D:6)
  A giant mite (D:3)
  7 adders
  2 worms (D:2)
  2 adder skeletons
  3 giant geckos
  2 oozes
  26 orcs
  6 bats
  A bat skeleton (D:6)
  4 giant cockroaches
  6 goblins
  5 hobgoblins
  5 kobolds
  5 quokkas
  5 ball pythons
  9 giant newts
  13 jackals
  11 rats
166 creatures vanquished.

Notes
Turn   | Place    | Note
--------------------------------------------------------------
     0 | D:1      | Chiseanne, the Octopode Wanderer, began the quest for the Orb.
     0 | D:1      | Chiseanne set off with: a +2 dagger, a scroll of blinking, a +0 quarterstaff, a +0 hand axe, a bread ration
     0 | D:1      | Reached XP level 1. HP: 16/16 MP: 1/1
   364 | D:1      | Reached XP level 2. HP: 21/21 MP: 2/2
   477 | D:2      | Found a shadowy altar of Dithmenos.
   564 | D:2      | Became a worshipper of Dithmenos the Shadowed
   592 | D:2      | Reached skill level 1 in Dodging
   611 | D:2      | HP: 1/21 [poisoned by an adder]
   924 | D:2      | Reached XP level 3. HP: 19/26 MP: 3/3
  1166 | D:2      | Reached skill level 5 in Stealth
  1744 | D:2      | Reached XP level 4. HP: 7/33 MP: 4/4
  2138 | D:3      | Found a glowing drain.
  2151 | Sewer    | Entered a sewer
  2273 | Sewer    | Noticed Purgy
  3137 | D:3      | Noticed Chiseanne's ghost (average OpWn)
  3176 | D:3      | Found a sparkling altar of Nemelex Xobeh.
  3263 | D:4      | Found a white marble altar of Elyvilon.
  3340 | D:4      | Found a bloodstained altar of Trog.
  3384 | D:4      | Reached skill level 6 in Stealth
  3384 | D:4      | Reached XP level 5. HP: 25/37 MP: 5/5
  3910 | D:4      | Found a staircase to the Ecumenical Temple.
  3921 | Temple   | Entered the Ecumenical Temple
  4171 | D:4      | Reached XP level 6. HP: 32/43 MP: 6/6
  4291 | D:4      | Reached skill level 7 in Stealth
  4701 | D:4      | Noticed an ogre
  4707 | D:4      | Killed an ogre
  4853 | D:4      | Reached skill level 8 in Stealth
  4917 | D:5      | Entered Level 5 of the Dungeon
  4925 | D:5      | Reached XP level 7. HP: 47/49 MP: 7/7
  5299 | D:5      | Found an iron altar of Okawaru.
  5329 | D:5      | Reached skill level 9 in Stealth
  5880 | D:6      | Found an opulent altar of Gozag.
  6035 | D:6      | Acquired Dithmenos' first power
  6063 | D:6      | Learned a level 1 spell: Apportation
  6066 | D:6      | Learned a level 2 spell: Blink
  6134 | D:6      | Reached XP level 8. HP: 24/51 MP: 8/8
  6317 | D:6      | Found a shadowy altar of Dithmenos.
  6529 | D:6      | Reached skill level 5 in Fighting
  6529 | D:6      | Reached skill level 10 in Stealth
  7067 | D:6      | Found a deep blue altar of Sif Muna.
  7072 | D:6      | Identified Sif Muna's Volume of Confrontation
  7077 | D:6      | Learned a level 1 spell: Sting
  7078 | D:6      | Found a radiant altar of Vehumet.
  7083 | D:6      | Identified Vehumet's Catalogue of Attacks
  7087 | D:6      | Learned a level 1 spell: Magic Dart
  7090 | D:6      | Found an ancient bone altar of Kikubaaqudgha.
  7094 | D:6      | Identified Kikubaaqudgha's Grimoire of Stolen Souls
  7358 | D:7      | Reached skill level 5 in Dodging
  7659 | D:7      | Reached skill level 11 in Stealth
  7701 | D:7      | Noticed a troll
  7704 | D:7      | Killed a troll
  7715 | D:7      | Found a snail-covered altar of Cheibriados.
  7727 | D:6      | Reached XP level 9. HP: 45/58 MP: 6/9
  7834 | D:7      | Acquired Dithmenos' second power
  7945 | D:7      | Found a shadowy altar of Dithmenos.
  8064 | D:7      | Reached skill level 12 in Stealth
  8117 | D:7      | Found Iwawo's Jewellery Shoppe.
  8120 | D:7      | Bought an uncursed ring of see invisible for 240 gold pieces
  8120 | D:7      | Bought a cursed -3 ring of evasion for 32 gold pieces
  8120 | D:7      | Bought a cursed ring of loudness for 72 gold pieces
  8120 | D:7      | Bought a +1 ring of protection for 48 gold pieces
  8498 | D:8      | Found a glowing silver altar of Zin.
  8820 | D:8      | Got a crystal short sword
  8830 | D:8      | Identified the +7 short sword of Theory {venom, *Rage rN+ Int+3 Stlth++} (You found it on level 8 of the Dungeon)
  9258 | D:9      | Reached skill level 1 in Short Blades
  9258 | D:9      | Reached skill level 1 in Spellcasting
  9258 | D:9      | Reached skill level 1 in Conjurations
  9502 | D:9      | Found an iron altar of Okawaru.
 10149 | D:9      | Found a runed door.
 10149 | D:9      | Noticed a skeletal warrior
 10156 | D:9      | Killed a skeletal warrior
 10156 | D:9      | Reached XP level 10. HP: 16/65 MP: 16/16
 10374 | D:9      | Noticed an eight-headed hydra
 10376 | D:9      | Slain by an eight-headed hydra

Action                   |  1- 3 |  4- 6 |  7- 9 | 10-12 || total
-------------------------+-------+-------+-------+-------++-------
Melee: Dagger            |    56 |    62 |   146 |       ||   264
       Short sword       |       |       |    44 |       ||    44
 Fire: Blowgun           |       |    27 |    57 |       ||    84
Invok: Shadow Step       |       |       |     2 |       ||     2
  Use: Scroll            |     6 |     9 |    14 |     2 ||    31
       Potion            |       |     1 |     6 |       ||     7
 Stab: Sleeping          |     6 |    13 |    30 |       ||    49
       Distracted        |       |     1 |     3 |       ||     4
  Eat: Chunk             |     2 |     4 |     9 |       ||    15
       Beef jerky        |       |     1 |     1 |       ||     2
       Bread ration      |       |     1 |       |       ||     1
       Fruit             |       |       |     6 |       ||     6
